 Dungeon Crawl Stone Soup version 0.31.0-9-g3a7656b989 (webtiles) character file.

Game seed: 5417670449308302976

62 sanka the Ruffian (level 3, 0/37 HPs)
             Began as a Troll Monk on Jan 24, 2024.
             Slain by a gnoll
             ... wielding a +0 halberd
              (7 damage)
             ... on level 2 of the Dungeon.
             The game lasted 00:01:11 (883 turns).

sanka the Ruffian (Troll Monk)                       Turns: 883, Time: 00:01:12

Health: 0/37       AC:  4    Str: 19    XL:     3   Next: 85%
Magic:  2/2        EV: 10    Int:  6    God:
Gold:   123        SH:  0    Dex: 14    Spells: 2/2 levels left

rFire   . .          .
                       - Unarmed
rCold   . . .        c - orb {light}
rNeg    . . .        a - +0 robe
rPois   .            (helmet restricted)
rElec   .            (no cloak)
rCorr   .            (gloves unavailable)
SInv    .            (boots unavailable)
Will    .....        (no amulet)
Stlth   +            (no ring)
HPRegen 1.06/turn    (no ring)
MPRegen 0.08/turn

%: no passive effects
@: glowing
A: large, unfitting armour, claws 3, regeneration 1, shaggy fur 1, tough skin 1
a: no special abilities


You were on level 2 of the Dungeon.
You visited 1 branch of the dungeon, and saw 2 of its levels.

You collected 123 gold pieces.


Innate Abilities, Weirdness & Mutations

You are too large for most types of armour.
You have claws for hands.
Your natural rate of healing is unusually fast.
You are covered in fur. (AC +1)
You have tough skin. (AC +1)


   Skills:
 - Level 3.0 Fighting
 - Level 2.4 Dodging
 + Level 4.3 Unarmed Combat


You had 2 spell levels left.
You didn't know any spells.
Your spell library contained the following spells:

 Spells                   Type           Power      Damage    Failure   Level
 Summon Small Mammal      Summ           0%         N/A       45%         1
 Call Canine Familiar     Summ           0%         N/A       83%         3
 Summon Blazeheart Golem  Fire/Summ      0%         N/A       99%         4

Inventory:

Armour
 a - a +0 robe (worn)
 c - an orb of light (worn)
Scrolls
 d - 2 scrolls of identify {unknown}
 e - 3 scrolls of enchant weapon {unknown}
 f - 2 scrolls of amnesia {unknown}
 g - a scroll of summoning {unknown}
 i - a scroll of silence {unknown}
Potions
 b - a potion of ambrosia
 h - a potion of curing {unknown}

Dungeon Overview and Level Annotations

Branches:
Dungeon (2/15)

Altars:
Fedhas

▒▒▒ ▒▒ ▒.. .. ▒.▒ .▒▒▒
▒.▒ ..▒ ▒▒▒.▒ ▒.▒
....▒▒▒▒▒▒▒.▒▒▒▒▒▒▒▒▒▒▒▒
▒▒.....▒<..>...)Tg......
.....▒.▒▒▒▒▒.▒▒▒▒g.▒▒▒▒▒
.▒.▒.▒.▒▒.....▒ .....
.▒.▒...▒▒.▒▒..▒....▒.▒▒
........<........... ..
.▒.....▒▒.▒▒......... .▒
▒▒▒▒▒▒.▒▒.▒▒.▒....▒▒.▒ ▒
..........▒▒.▒....▒ .▒
..........▒▒.▒....+


You could see 2 gnolls.


Message History

You kill the gnoll!
The gnoll misses you.
Your Unarmed Combat skill increases to level 4!
The gnoll barely misses you. The gnoll barely misses you.
Things that are here:
a +0 flail; a glowing dark potion You scratch the gnoll but do no damage.
The gnoll hits you with a +0 spear.
* * * LOW HITPOINT WARNING * * *
The gnoll hits you from afar with a +0 halberd.
* * * LOW HITPOINT WARNING * * *
You completely miss the gnoll. The gnoll closely misses you.
The gnoll closely misses you.
You claw the gnoll!
The gnoll is severely wounded.
The gnoll hits you with a +0 spear.
* * * LOW HITPOINT WARNING * * *
The gnoll barely misses you.
You claw the gnoll!
You kill the gnoll!
The gnoll hits you from afar with a +0 halberd!
* * * LOW HITPOINT WARNING * * *
A gnoll comes into view. It is wielding a +0 flail.
The gnoll hits you but does no damage.
You see here a +0 spear.
You barely miss the gnoll. The gnoll hits you with a +0 halberd!
You die...

Action                     || total
---------------------------++-------
  Melee: Unarmed           ||    68
 Armour: Robe              ||    44
  Dodge: Dodged            ||    40

Levels and vault maps discovered:
D:1:      ebering_trefoil_3fold, layout_basic
D:2:      layout_basic, basic_altar, serial_shops, nicolae_shop_gaudy_bauble

Notes
Turn   | Place    | Note
-------+----------+-------------------------------------------
     0 | D:1      | sanka the Troll Monk began the quest for the Orb.
     0 | D:1      | Reached XP level 1. HP: 22/22 MP: 0/0
   174 | D:1      | Reached XP level 2. HP: 29/29 MP: 1/1
   667 | D:2      | Reached skill level 3 in Fighting
   667 | D:2      | Reached XP level 3. HP: 33/37 MP: 2/2
   736 | D:2      | Found a blossoming altar of Fedhas.
   877 | D:2      | Reached skill level 4 in Unarmed Combat
   883 | D:2      | Slain by a gnoll

Vanquished Creatures
  2 gnolls (D:2)
  An adder (D:2)
  2 dart slugs (D:2)
  An endoplasm (D:2)
  3 goblins (D:1)
  3 hobgoblins (D:1)
  4 jackals (D:1)
  2 quokkas
  2 ball pythons
  A bat (D:1)
  2 frilled lizards (D:1)
  3 kobolds
  3 rats (D:1)
29 creatures vanquished.
